 Dungeon Crawl Stone Soup version 0.26.0-3-g156281e41b (webtiles) character file.

Game seed: 15012130117855934477

13349 trckry the Basher (level 11, -3/97 HPs)
             Began as a Minotaur Fighter on Jan 10, 2021.
             Was the Champion of Cheibriados.
             Killed by divine providence
             ... invoked by a smoke demon
             ... summoned by an orc high priest
              (8 damage)
             ... on level 2 of the Orcish Mines.
             The game lasted 00:25:31 (12163 turns).

trckry the Basher (Minotaur Fighter)               Turns: 12163, Time: 00:25:31

Health: -3/97      AC: 19    Str: 40    XL:     11   Next: 74%
Magic:  14/14      EV: 22    Int: 20    God:    Cheibriados [******]
Gold:   907        SH: 14    Dex: 22    Spells: 10/10 levels left

rFire    . . .     SeeInvis +   a - +3 flail (holy)
rCold    . . .     Faith    .   c - +0 kite shield
rNeg     . . .     Spirit   .   b - +0 plate armour
rPois    .         Reflect  .   K - +1 hat
rElec    .         Harm     .   (no cloak)
rCorr    .         Rampage  .   p - +2 pair of gloves
Will     +....                  l - +0 pair of boots
Stlth    ..........             w - amulet of the acrobat
HPRegen  0.26/turn              D - ring of willpower
MPRegen  0.14/turn              M - ring of see invisible

@: acrobat, very slow
A: retaliatory headbutt, horns 2, clumsy 1
a: Renounce Religion, Bend Time, Temporal Distortion, Slouch, Step From Time


You were on level 2 of the Orcish Mines.
You worshipped Cheibriados.
Cheibriados was exalted by your worship.
You visited 2 branches of the dungeon, and saw 11 of its levels.

You collected 1037 gold pieces.
You spent 130 gold pieces at shops.

Inventory:

Hand Weapons
 a - a +3 flail of holy wrath (weapon)
 J - the +5 whip of Woczuh {flame, rPois, unknown}
   (You found it on level 7 of the Dungeon)

   It has been specially enchanted to burn those struck by it, causing extra
   injury to most foes and up to half again as much damage against particularly
   susceptible opponents.
   It protects you from poison.
Missiles
 r - 47 poisoned darts
 u - 26 boomerangs (quivered)
 C - 2 javelins
 F - a throwing net
 L - a boomerang of dispersal
Armour
 b - a +0 plate armour (worn)
 c - a +0 kite shield (worn)
 l - a +0 pair of boots (worn)
 p - a +2 pair of gloves (worn)
 K - a +1 hat (worn)
Jewellery
 w - an amulet of the acrobat (around neck)
 D - a ring of willpower (left hand)
 M - a ring of see invisible (right hand)
 O - an uncursed ring of positive energy
Wands
 x - a wand of polymorph (8)
 y - a wand of paralysis (8)
Scrolls
 g - a scroll of fear
 k - 5 scrolls of remove curse
 t - 3 scrolls of teleportation
Potions
 d - a potion of might
 e - 3 potions of lignification
 j - 6 potions of flight
 m - 3 potions of mutation
 n - a potion of attraction
 o - 7 potions of curing
 A - a potion of invisibility
 E - 2 potions of resistance


   Skills:
 + Level 9.2 Fighting
 * Level 11.9 Maces & Flails
 + Level 6.8 Throwing
 + Level 9.0 Armour
 + Level 9.0 Shields
 + Level 6.0 Invocations
 + Level 5.5 Evocations


You had 10 spell levels left.
You didn't know any spells.
Your spell library contained the following spells:

 Spells                   Type           Power        Failure   Level
 Magic Dart               Conj           0%           89%         1
 Summon Small Mammal      Summ           0%           89%         1
 Blink                    Tloc           N/A          96%         2
 Call Imp                 Summ           0%           96%         2
 Slow                     Hex            0%           96%         2
 Call Canine Familiar     Summ           0%           99%         3
 Conjure Flame            Conj/Fire      0%           99%         3
 Mephitic Cloud           Conj/Pois/Air  0%           99%         3
 Summon Guardian Golem    Hex/Summ       0%           99%         3
 Summon Ice Beast         Ice/Summ       0%           100%        4
 Summon Lightning Spire   Summ/Air       0%           100%        4


Dungeon Overview and Level Annotations

Branches:
Dungeon (9/15)             Temple (0/1) D:5            Lair (0/6) D:8
    Orc (2/2) D:9             Elf (0/3) Orc:2

Altars:
Cheibriados
Dithmenos
Gozag
Hepliaklqana
Kikubaaqudgha
Nemelex Xobeh
Okawaru
Qazlal
Ru
Sif Muna
Vehumet
Wu Jian
Xom
Zin
The Shining One
Beogh

Shops:
D:4 *   Orc:2 [(*

Annotations:
D:9 1 runed translucent door


Innate Abilities, Weirdness & Mutations

You reflexively headbutt those who attack you in melee.
You have a pair of horns on your head.
You are clumsy. (Dex -2)


Message History

The chaos spawn degenerates into a cloud of primal chaos!
The orc warlord roars a battlecry!
The orc sorcerer goes into a battle-frenzy!
The orc high priest no longer looks unusually strong.
The orc sorcerer gestures wildly while chanting.
The smoke demon gestures at you. Beogh smites you!
The orc warlord roars a battlecry!
The orc high priest goes into a battle-frenzy!
The orc sorcerer gestures wildly while chanting.
The sun demon hits you!!
* * * LOW HITPOINT WARNING * * *
You are engulfed in flames!!
* * * LOW HITPOINT WARNING * * *
The orc sorcerer casts a spell at you.
The bolt of negative energy hits the sun demon.
The sun demon completely resists.
The bolt of negative energy misses you. The smoke demon gestures at you.
Beogh smites you!
You die...

#..........÷..................
#...#...........))............
#..............)........#.....
#........^.........#....#3...
#................3.....)))...
##.#.................)..#).##
###...........o.3....###....
#.........#3..44...)####...
##.......<@.o.#....).# ###.
##..#....oT........## ##
###...................#
##.#......##....#......###
#........###.#......P.P..#
##...#.....#.............P##
#...........#..#.....8.....#
##......##.##.........P.P..#
#.....#######.#.....∩.....#


You could see an orc warlord, an orc high priest (strong), a sun demon
(summoned), a rust devil (summoned), a troll, 2 smoke demons, an orc sorcerer
(strong) and a red devil (summoned).

Vanquished Creatures
  Erica (D:9)
  The ghost of Tarl the Ducker, a novice TrBe of Trog (D:9)
  Pikel (D:6)
  A wizard (D:9)
  2 orc knights
  3 orc sorcerers (Orc:2)
  Maggie (D:7)
  A tengu conjurer (D:9)
  3 trolls
  Sigmund (D:6)
  Edmund (D:6)
  A water moccasin (D:8)
  24 orc warriors
  3 sky beasts
  3 wolves (D:8)
  3 ice beasts
  6 ogres
  3 phantoms
  2 black bears (D:7)
  2 centaurs
  7 bullfrogs
  2 gnoll sergeants
  2 scorpions
  4 wights (D:6)
  15 killer bees
  2 bullfrog zombies
  3 electric eels (D:8)
  A centaur zombie (D:5)
  3 jellies
  5 hounds
  9 orc wizards
  11 orc priests
  Jessica (D:2)
  2 iguanas
  Natasha (thrice) (D:3)
  4 worker ants
  A killer bee zombie (D:7)
  A hound zombie (D:7)
  A worker ant zombie (D:9)
  16 gnolls
  A howler monkey skeleton (D:4)
  16 adders
  A shadow imp (D:7)
  A white imp (D:7)
  3 ufetubi
  An ooze (D:5)
  2 adder skeletons (D:4)
  An adder zombie (D:9)
  4 worms
  A dart slug (D:2)
  2 leopard geckos
  52 orcs
  12 bats
  6 giant cockroaches
  4 goblins
  8 hobgoblins
  3 kobolds
  3 quokkas
  4 ball pythons
  7 frilled lizards
  3 rats
291 creatures vanquished.

Vanquished Creatures (collateral kills)
  3 electric eels (D:8)
3 creatures vanquished.

Vanquished Creatures (others)
  8 fungi (Orc:2)
8 creatures vanquished.

Grand Total: 302 creatures vanquished

Notes
Turn   | Place    | Note
-------+----------+-------------------------------------------
     0 | D:1      | trckry the Minotaur Fighter began the quest for the Orb.
     0 | D:1      | Reached XP level 1. HP: 19/19 MP: 0/0
   286 | D:1      | Reached XP level 2. HP: 27/27 MP: 1/1
   535 | D:1      | Reached skill level 3 in Maces & Flails
   696 | D:1      | Found a snail-covered altar of Cheibriados.
   709 | D:1      | Became a worshipper of Cheibriados the Contemplative
   831 | D:2      | Reached XP level 3. HP: 33/33 MP: 2/2
   854 | D:2      | Noticed a phantom
   866 | D:2      | Reached skill level 1 in Throwing
   890 | D:2      | Reached XP level 4. HP: 33/40 MP: 3/3
   911 | D:2      | Killed a phantom
   912 | D:2      | Reached skill level 4 in Maces & Flails
   912 | D:2      | Reached XP level 5. HP: 30/47 MP: 4/4
  1395 | D:2      | Reached * piety under Cheibriados
  1401 | D:2      | Noticed Jessica
  1405 | D:2      | Killed Jessica
  1504 | D:2      | Found a glowing silver altar of Zin.
  1504 | D:2      | Found an opulent altar of Gozag.
  1822 | D:3      | Reached XP level 6. HP: 43/53 MP: 5/5
  1970 | D:3      | Reached skill level 5 in Maces & Flails
  2188 | D:3      | Reached ** piety under Cheibriados
  2246 | D:3      | Noticed Natasha
  2249 | D:3      | Killed Natasha
  2678 | D:3      | Noticed Natasha
  2683 | D:3      | Killed Natasha
  2949 | D:3      | Noticed Natasha
  2954 | D:3      | Killed Natasha
  3218 | D:4      | Reached skill level 5 in Armour
  3384 | D:4      | Found Kuefiv's General Store.
  3388 | D:4      | Bought a potion of mutation for 104 gold pieces
  3388 | D:4      | Bought a scroll of identify for 26 gold pieces
  3403 | D:4      | Found a sparkling altar of Nemelex Xobeh.
  3439 | D:4      | Reached skill level 5 in Fighting
  3439 | D:4      | Reached skill level 5 in Shields
  3439 | D:4      | Reached XP level 7. HP: 31/61 MP: 6/6
  3905 | D:4      | Found a shadowy altar of Dithmenos.
  4166 | D:5      | Entered Level 5 of the Dungeon
  4183 | D:5      | Reached skill level 6 in Maces & Flails
  4376 | D:5      | Reached *** piety under Cheibriados
  4377 | D:5      | Reached skill level 1 in Evocations
  4381 | D:5      | Reached skill level 1 in Invocations
  4678 | D:5      | Found a staircase to the Ecumenical Temple.
  4783 | D:5      | Found a sacrificial altar of Ru.
  4972 | D:5      | Reached XP level 8. HP: 51/70 MP: 8/8
  5118 | D:6      | Reached skill level 7 in Maces & Flails
  5244 | D:6      | Got a pitted chain mail
  5255 | D:6      | Identified the cursed +1 chain mail "Wishycw" {*Contam rN++
                  | MP+9 Int+3} (You found it on level 6 of the Dungeon)
  5315 | D:6      | Noticed Pikel
  5324 | D:6      | Killed Pikel
  5329 | D:6      | Reached **** piety under Cheibriados
  5635 | D:6      | Found a hazy altar of Hepliaklqana.
  5662 | D:6      | Noticed Sigmund
  5666 | D:6      | Killed Sigmund
  5667 | D:6      | Reached skill level 8 in Maces & Flails
  5667 | D:6      | Reached XP level 9. HP: 78/78 MP: 10/10
  5679 | D:6      | Noticed Edmund
  5687 | D:6      | Killed Edmund
  6057 | D:7      | Got a smoking whip
  6240 | D:7      | Reached skill level 9 in Maces & Flails
  6242 | D:7      | Reached ***** piety under Cheibriados
  6295 | D:7      | Found an ancient bone altar of Kikubaaqudgha.
  6300 | D:7      | Found a stormy altar of Qazlal.
  6329 | D:7      | Noticed Maggie
  6348 | D:7      | Killed Maggie
  6349 | D:7      | Reached skill level 5 in Throwing
  6657 | D:7      | Found an ornate altar of the Wu Jian Council.
  6953 | D:8      | Reached XP level 10. HP: 86/86 MP: 12/12
  7025 | D:8      | Found an iron altar of Okawaru.
  7663 | D:8      | Found a staircase to the Lair.
  7674 | D:8      | Reached skill level 10 in Maces & Flails
  8460 | D:8      | Found a roughly hewn altar of Beogh.
  8678 | D:8      | Reached ****** piety under Cheibriados
  8694 | D:8      | Found an ornate altar of the Wu Jian Council.
  8708 | D:8      | Found a glowing silver altar of Zin.
  8708 | D:8      | Found a glowing golden altar of the Shining One.
  8713 | D:8      | Found an ancient bone altar of Kikubaaqudgha.
  8713 | D:8      | Found a shimmering altar of Xom.
  8713 | D:8      | Found a shimmering blue altar of Sif Muna.
  8812 | D:9      | Noticed Erica
  8821 | D:9      | Killed Erica
  8822 | D:9      | Reached skill level 5 in Invocations
  9177 | D:9      | Found a staircase to the Orcish Mines.
  9186 | D:9      | Noticed a wizard
  9402 | D:9      | Found a glowing golden altar of the Shining One.
  9402 | D:9      | Found a runed translucent door.
  9402 | D:9      | Noticed an angel
  9494 | D:9      | Noticed Tarl's ghost (novice TrBe)
  9503 | D:9      | Found a runed translucent gate.
  9503 | D:9      | Found a runed translucent gate.
  9503 | D:9      | Found a runed translucent gate.
  9533 | D:9      | Found a radiant altar of Vehumet.
  9591 | D:9      | Killed a wizard
  9592 | D:9      | Reached XP level 11. HP: 80/95 MP: 13/13
  9609 | D:9      | Killed Tarl's ghost
  9610 | D:9      | Reached skill level 11 in Maces & Flails
  9953 | Orc:1    | Entered Level 1 of the Orcish Mines
 10208 | Orc:2    | Entered Level 2 of the Orcish Mines
 10208 | Orc:2    | Found Ithreg Elebu's Antique Armour Shop.
 10208 | Orc:2    | Found a staircase to the Elven Halls.
 10208 | Orc:2    | Noticed an orc knight
 10218 | Orc:2    | HP: 1/95 [orc warrior/+0 war axe (20)]
 10224 | Orc:1    | Killed an orc knight
 10224 | Orc:1    | HP: 2/95 [orc warrior/+0 dire flail (17)]
 10225 | Orc:1    | Reached skill level 5 in Evocations
 10602 | Orc:2    | Noticed an orc knight
 11283 | Orc:2    | Killed an orc knight
 11310 | Orc:2    | Gained mutation: You are clumsy. (Dex -2) [mutagenic glow]
 11721 | Orc:2    | Found Foopot's Antique Weapon Shop.
 11982 | Orc:2    | Noticed an orc sorcerer
 11982 | Orc:2    | Noticed an orc warlord
 11987 | Orc:2    | Noticed a sun demon
 11996 | Orc:2    | Killed an orc sorcerer
 12045 | Orc:2    | Noticed an orc sorcerer
 12048 | Orc:2    | Killed an orc sorcerer
 12051 | Orc:2    | Noticed an orc sorcerer
 12063 | Orc:2    | Killed an orc sorcerer
 12115 | Orc:2    | Found Egeduv's General Store.
 12151 | Orc:2    | Noticed an orc high priest
 12152 | Orc:2    | Noticed an orc sorcerer
 12158 | Orc:2    | Noticed a sun demon
 12162 | Orc:2    | HP: 4/97 [sun demon[an orc high priest] (18)]
 12163 | Orc:2    | Killed from afar by a smoke demon

Illustrated notes

Levels and vault maps discovered:
D:1:      erik_arrival_orb_chamber, layout_loops_cross, cheibriados_altar_1
D:2:      layout_loops_ring, grunt_temple_overflow_gold_and_silver,
          minivault_11, minmay_pentomino_s2, uniq_jessica
D:3:      minmay_recursive_quarters, layout_loops_ring, uniq_natasha
D:4:      layout_loops_ring, lemuel_round_altar, nicolae_dithmenos_the_darkroom,
          serial_shops, shop_fountains
D:5:      layout_cave_pools, nicolae_ru_the_path_less_chosen, temple_statues,
          minmay_misc_feat_tiny
D:6:      layout_cave_pools, nzn_hepliaklqana_mist_gate, dk_vineyard_3,
          sigmund_edmund_badplayer, uniq_pikel
D:7:      layout_loops_ring, general_overflow_altar, grunt_temple_overflow_open,
          uniq_maggie
D:8:      layout_basic, kennysheep_okawaru_gauntlet, erik_lair_island,
          special_room [special_room_orc], doesnt_xom_only_xom
D:9:      layout_rooms, overflow_temple_1_default, orc_0_dummy,
          gammafunk_ghost_split, lemuel_angel_altar, uniq_erica
Orc:1:    layout_caves, ebering_ghost_xom, basic_altar,
          statue_in_the_mist_lemuel, elves_outpost_lemuel
Orc:2:    grunt_orc_gardens, layout_caves, grunt_orc_garden, grunt_orc_garden,
          grunt_orc_garden, grunt_orc_garden

Skill      XL: |  1  2  3  4  5  6  7  8  9 10 11 |
---------------+----------------------------------+-----
Maces & Flails | 3 4 5 6 8 9 10 11 | 11.9
Fighting       | 4 5 6 7 8 9 |  9.2
Armour         | 4 5 6 7 8 9 |  9.0
Throwing       | 1 2 3 4 5 6 |  6.8
Shields        | 4 5 6 7 8 9 |  9.0
Evocations     | 1 2 3 4 5 |  5.5
Invocations    | 1 2 4 5 6 |  6.0

Action                   |  1- 3 |  4- 6 |  7- 9 | 10-12 || total
-------------------------+-------+-------+-------+-------++-------
Melee: Flail             |    87 |   134 |   244 |   327 ||   792
       Headbutt          |    11 |    19 |    64 |   124 ||   218
Throw: Boomerang         |       |       |       |     3 ||     3
Evoke: Wand              |       |       |     4 |       ||     4
  Use: Scroll            |       |       |       |    20 ||    20
       Potion            |       |       |       |     9 ||     9
 Stab: Invisible         |       |       |       |     1 ||     1
Armor: Scale mail        |    42 |    64 |    47 |       ||   153
       Chain mail        |       |       |    45 |    78 ||   123
       Plate armour      |       |       |       |    15 ||    15
Dodge: Dodged            |    31 |    42 |    77 |   153 ||   303
Block: Kite shield       |    47 |    72 |   167 |   283 ||   569
